[ AOE2 MATCH · #505811934 ]
UnrankedHindustanis vs Tupi
Rival team · LOSS
[ REPLAY ANALYSIS · EXTRACTED FROM THE RECORDED GAME ]
Feudal
8:52
Castle
25:30
Imperial
—
| APM avg | 58.0 |
| APM peak | 113 |
| eAPM avg | 21.2 |
| Villagers / military | 31 / 13 |
Focus
⚔️ 26.9% · 🌾 73.1%
Archer ×7 · Skirmisher ×5 · Spearman ×1
Feudal
17:12
Castle
—
Imperial
—
| APM avg | 44.8 |
| APM peak | 69 |
| eAPM avg | 19.1 |
| Villagers / military | 43 / 6 |
Focus
⚔️ 19.7% · 🌾 80.3%
Skirmisher ×6
Match map
Initial resources + every placement click. Lines = walls · curves = elevation contours. ◆ gold · ⬟ stone · ● berries · ✦ relic · ◌ wall gap
Your base· Open — 7t gap
TE MS MOE's base· Open — unwalled flank
Smoothed initial terrain · ◌ = detected wall gap · hover for details
Inputs per minute
— ELEG | Huitzilopochtli - - TE MS MOE
Build order — ELEG | Huitzilopochtli
95 actions detected in the replay
| 0:00 | Create | Villager (Male) |
| 0:00 | Create | Villager (Male) |
| 0:01 | Create | Villager (Male) |
| 0:01 | Create | Villager (Male) |
| 0:03 | Build | House |
| 0:04 | Build | House |
| 1:06 | Create | Villager (Male) |
| 1:07 | Create | Villager (Male) |
| 1:37 | Create | Villager (Male) |
| 1:37 | Create | Villager (Male) |
| 1:43 | Build | Lumber Camp |
| 2:05 | Create | Villager (Male) |
| 2:39 | Create | Villager (Male) |
| 3:17 | Build | House |
| 3:22 | Create | Villager (Male) |
| 3:22 | Create | Villager (Male) |
| 3:39 | Create | Villager (Male) |
| 3:53 | Create | Villager (Male) |
| 4:39 | Create | Villager (Male) |
| 4:57 | Create | Villager (Male) |
| 5:10 | Research | Loom |
| 5:14 | Create | Villager (Male) |
| 5:16 | Research | Loom |
| 5:34 | Build | Palisade Gate |
| 6:03 | Build | Mill |
| 6:38 | Research | Feudal Age |
| 6:38 | Research | Feudal Age |
| 7:05 | Build | Palisade Gate |
| 7:10 | Build | House |
| 8:52 | Age | Feudal Age |
| 8:57 | Build | Barracks |
| 9:00 | Create | Villager (Male) |
| 9:19 | Build | Watch Tower |
| 9:32 | Build | Barracks |
| 9:59 | Build | Palisade Wall |
| 10:11 | Build | Palisade Gate |
| 10:37 | Build | Archery Range |
| 10:41 | Create | Villager (Male) |
| 10:51 | Research | Double-Bit Axe |
| 10:51 | Research | Double-Bit Axe |
| 11:18 | Create | Archer |
| 11:24 | Build | Mining Camp |
| 13:58 | Build | Town Center |
| 14:18 | Create | Archer |
| 14:44 | Create | Villager (Male) |
| 14:44 | Create | Villager (Male) |
| 14:49 | Create | Archer |
| 14:58 | Create | Spearman |
| 15:07 | Build | House |
| 15:10 | Create | Archer |
| 15:26 | Build | House |
| 15:27 | Build | House |
| 16:02 | Create | Villager (Male) |
| 16:11 | Build | House |
| 16:16 | Build | Blacksmith |
| 16:29 | Create | Archer |
| 16:30 | Create | Villager (Male) |
| 16:34 | Build | House |
| 16:35 | Build | House |
| 17:28 | Create | Villager (Male) |
| 17:43 | Create | Archer |
| 17:43 | Create | Archer |
| 17:50 | Create | Villager (Male) |
| 18:15 | Build | Mining Camp |
| 18:33 | Create | Skirmisher |
| 18:35 | Create | Villager (Male) |
| 18:53 | Create | Villager (Male) |
| 19:13 | Create | Skirmisher |
| 19:14 | Create | Villager (Male) |
| 19:18 | Build | Farm |
| 19:20 | Build | Farm |
| 19:24 | Build | Farm |
| 19:25 | Create | Villager (Male) |
| 19:27 | Build | Farm |
| 19:31 | Build | Farm |
| 19:40 | Create | Villager (Male) |
| 19:51 | Build | Farm |
| 20:21 | Create | Skirmisher |
| 20:27 | Build | House |
| 20:28 | Build | House |
| 20:46 | Create | Villager (Male) |
| 20:56 | Create | Skirmisher |
| 21:01 | Research | Padded Archer Armor |
| 21:10 | Research | Fletching |
| 21:27 | Build | Farm |
| 21:30 | Build | Market |
| 22:10 | Build | Palisade Gate |
| 22:23 | Build | Palisade Wall |
| 22:29 | Build | House |
| 22:50 | Research | Castle Age |
| 22:50 | Research | Castle Age |
| 23:41 | Create | Skirmisher |
| 23:59 | Research | Fletching |
| 24:18 | Build | Watch Tower |
| 25:30 | Age | Castle Age |
Build order — TE MS MOE
83 actions detected in the replay
| 0:00 | Create | Villager (Male) |
| 0:02 | Build | House |
| 0:04 | Build | House |
| 0:15 | Create | Villager (Male) |
| 0:15 | Create | Villager (Male) |
| 0:16 | Create | Villager (Male) |
| 1:03 | Create | Villager (Male) |
| 1:41 | Create | Villager (Male) |
| 2:13 | Build | Settlement |
| 2:29 | Create | Villager (Male) |
| 2:51 | Create | Villager (Male) |
| 3:14 | Create | Villager (Male) |
| 3:19 | Create | Villager (Male) |
| 3:19 | Create | Villager (Male) |
| 3:21 | Create | Villager (Male) |
| 3:58 | Create | Villager (Male) |
| 3:58 | Create | Villager (Male) |
| 4:16 | Research | Loom |
| 5:10 | Create | Villager (Male) |
| 5:10 | Create | Villager (Male) |
| 5:26 | Create | Villager (Male) |
| 5:27 | Create | Villager (Male) |
| 5:27 | Create | Villager (Male) |
| 5:27 | Create | Villager (Male) |
| 5:27 | Create | Villager (Male) |
| 5:28 | Create | Villager (Male) |
| 6:37 | Build | House |
| 6:49 | Build | Town Center |
| 7:27 | Build | House |
| 8:53 | Build | Town Center |
| 9:04 | Build | Town Center |
| 9:45 | Create | Villager (Male) |
| 9:45 | Create | Villager (Male) |
| 9:45 | Create | Villager (Male) |
| 9:45 | Create | Villager (Male) |
| 10:03 | Build | Palisade Wall |
| 10:19 | Build | Palisade Wall |
| 10:23 | Create | Villager (Male) |
| 11:38 | Build | House |
| 12:09 | Create | Villager (Male) |
| 12:44 | Create | Villager (Male) |
| 12:44 | Create | Villager (Male) |
| 12:45 | Create | Villager (Male) |
| 12:45 | Create | Villager (Male) |
| 13:29 | Create | Villager (Male) |
| 13:30 | Create | Villager (Male) |
| 14:27 | Create | Villager (Male) |
| 15:02 | Research | Feudal Age |
| 15:31 | Build | Barracks |
| 16:06 | Build | Settlement |
| 17:12 | Age | Feudal Age |
| 17:28 | Build | Archery Range |
| 17:29 | Create | Villager (Male) |
| 17:45 | Create | Villager (Male) |
| 18:06 | Build | Watch Tower |
| 18:13 | Research | Double-Bit Axe |
| 18:14 | Create | Villager (Male) |
| 18:20 | Build | Farm |
| 18:22 | Build | Farm |
| 18:26 | Create | Skirmisher |
| 18:26 | Create | Skirmisher |
| 18:52 | Build | Farm |
| 19:18 | Create | Skirmisher |
| 19:24 | Build | Farm |
| 19:29 | Build | Blacksmith |
| 19:49 | Create | Skirmisher |
| 19:55 | Build | Farm |
| 20:05 | Create | Skirmisher |
| 20:12 | Build | Farm |
| 20:20 | Research | Fletching |
| 20:39 | Build | Farm |
| 21:12 | Create | Skirmisher |
| 21:23 | Create | Villager (Male) |
| 21:34 | Build | Settlement |
| 21:38 | Build | Farm |
| 21:39 | Build | Farm |
| 21:41 | Create | Villager (Male) |
| 22:15 | Create | Villager (Male) |
| 22:53 | Create | Villager (Male) |
| 23:25 | Build | Market |
| 23:31 | Create | Villager (Male) |
| 24:22 | Build | Watch Tower |
| 25:15 | Research | Castle Age |
Match timeline
| 8:52 | ELEG | Huitzilopochtli · age_up feudal |
| 8:57 | ELEG | Huitzilopochtli · first_building Barracks |
| 9:59 | ELEG | Huitzilopochtli · wall_segment Palisade Wall x2 |
| 10:03 | TE MS MOE · wall_segment Palisade Wall x1 |
| 10:19 | TE MS MOE · wall_segment Palisade Wall x1 |
| 10:37 | ELEG | Huitzilopochtli · first_building Archery Range |
| 15:31 | TE MS MOE · first_building Barracks |
| 17:12 | TE MS MOE · age_up feudal |
| 17:28 | TE MS MOE · first_building Archery Range |
| 22:17 | ELEG | Huitzilopochtli · first_market_buy 100 food |
| 22:23 | ELEG | Huitzilopochtli · wall_segment Palisade Wall x5 |
| 22:34 | ELEG | Huitzilopochtli · first_market_sell 100 wood |
| 24:06 | TE MS MOE · first_market_sell 100 wood |
| 25:30 | ELEG | Huitzilopochtli · age_up castle |
| 25:48 | TE MS MOE · resign |
[ AI ANALYSIS · 1 CREDIT ]
What really happened in this match?
Wolo.gg analyzes every decision: build order, eco, micro, common mistakes by bracket. Personalized analysis on WhatsApp or Discord in 30 seconds.
Civ guide
Hindustanis
Perfil
ELEG | Huitzilopochtli